 Dungeon Crawl Stone Soup version 0.32-a0-995-gb4a59205af (webtiles) character file.

Game seed: 15689029633061017502

446 protoss039 the Digger (level 6, 47/47 HPs)
             Began as a Demonspawn Earth Elementalist on Apr 22, 2024.
             Got out of the dungeon alive.
             The game lasted 00:04:56 (3923 turns).

protoss039 the Digger (DsEE)                        Turns: 3923, Time: 00:04:56

Health: 47/47      AC:  6    Str:  9    XL:     6   Next: 73%
Magic:  11/11      EV: 11    Int: 17    God:
Gold:   248        SH:  0    Dex: 13    Spells: 5/12 levels left

rFire   . . .        j - staff of earth
rCold   . . .        (no shield)
rNeg    . . .        a - +0 robe
rPois   .            m - +0 helmet
rElec   .            u - +0 cloak
rCorr   .            s - +0 pair of gloves
SInv    .            r - +0 pair of boots
Will    .....        (no amulet)
Stlth   ++           (no ring)
HPRegen 0.27/turn    (no ring)
MPRegen 0.12/turn

%: no passive effects
@: no status effects
A: powered by pain 1, demonic magic 1, weakness stinger 2
a: no special abilities


You escaped.
You visited 1 branch of the dungeon, and saw 5 of its levels.

You collected 248 gold pieces.

Inventory:

Hand Weapons
 l - a +0 dagger
Armour
 a - a +0 robe (worn)
 m - a +0 helmet (worn)
 r - a +0 pair of boots (worn)
 s - a +0 pair of gloves (worn)
 u - a +0 cloak (worn)
Magical Staves
 j - a staff of earth (weapon)
Wands
 k - a wand of warping (12)
Scrolls
 d - a scroll of enchant weapon {unknown}
 e - 2 scrolls of identify {unknown}
 n - a scroll of fear {unknown}
 p - a scroll of fog {unknown}
Potions
 b - a potion of magic
 c - a potion of heal wounds
 f - a potion of lignification {unknown}
 g - a potion of might {unknown}
 h - 2 potions of degeneration {unknown}
 i - 3 potions of brilliance {unknown}
 o - a potion of mutation {unknown}
 q - 4 potions of curing {unknown}
 t - a potion of invisibility {unknown}


   Skills:
 + Level 3.1 Fighting
 + Level 1.4 Armour
 + Level 2.5 Dodging
 + Level 2.6 Stealth
 + Level 3.5 Spellcasting
 + Level 2.1 Conjurations
 + Level 3.9 Earth Magic


You had 5 spell levels left.
You knew the following spells:

 Your Spells              Type           Power      Damage    Failure   Level
a - Sandblast             Erth           48%        2d12      3%          1
b - Passwall              Erth           24%        N/A       10%         3
c - Stone Arrow           Conj/Erth      40%        3d9       14%         3

Your spell library contained the following spells:

 Spells                   Type           Power      Damage    Failure   Level
 Brom's Barrelling Bould  Conj/Erth      20%        2d4       43%         4
 Petrify                  Alch/Erth      14%        N/A       58%         4


Dungeon Overview and Level Annotations

Branches:
Dungeon (5/15) Zot: 26022
 Temple: D:4-7

Altars:
Qazlal
Wu Jian
Yredelemnul

Annotations:
D:2 1 runed translucent door, Crazy Yiuf


Innate Abilities, Weirdness & Mutations

You sometimes gain a little power by taking damage.
Spells you cast may paralyse adjacent enemies.
You have a tail ending in a sharp stinger.


Message History

Aiming: Sandblast (safe; 3% risk of failure)
Press: ? - help, Shift-Dir - straight line, f/p - gnoll
Aim: a gnoll, wielding a +0 halberd (almost dead, 85% to hit)
You feel a surge of power!
The blast of sand hits the gnoll!
You kill the gnoll!
Malevolent energies surge around you.
Unknown command.
You start resting.
An orc comes into view. It is wielding a +0 dagger.
Casting: Sandblast (safe; 3% risk of failure)
Confirm with . or Enter, or press ? or * to list all spells.
Aiming: Sandblast (safe; 3% risk of failure)
Press: ? - help, Shift-Dir - straight line, f - orc
Aim: an orc, wielding a +0 dagger (wandering, hasn't noticed you, 83% to hit)
You feel a surge of power!
The blast of sand hits the orc!
You kill the orc!
Malevolent energies surge around you.
Unknown command.
You start resting.
Magic restored.
There is a stone staircase leading up here.
You climb upwards.
There is a stone staircase leading down here.
What level of the Dungeon? (default 5, ? - help)
There is an open door here.
There is a stone staircase leading up here.
You climb upwards.
There is a stone staircase leading down here.
There is a stone staircase leading up here.
You climb upwards.
Level annotation: 1 runed translucent door, Crazy Yiuf
There is a stone staircase leading down here.
You see here 7 stones.
There is a stone staircase leading up here.
You climb upwards.
There is a stone staircase leading down here.
You see here 8 stones.
You see here a +0 sling.
There is a staircase leading out of the dungeon here.
You have escaped!

########.##################......
..........................#######
..............)...........#......
###..###########.(#####...#.#####
###..### #..# #...#.#....
.......# #####..# #...#.#.#.#
.......#####......#####...#.#.#.#
..........................#.#.#..
.......#........@.#####...#.#.###
##..####.###......# #...#.#....
#..# #.# #......# #...#.#####
#..# #.# ##...### #...#.#####
##..####.####...#######...#......
..........................#######
..........................#
###########################


There were no monsters in sight!

Vanquished Creatures
  Grinder (D:5)
  A bombardier beetle (D:5)
  A hound (D:5)
  Robin (D:1)
  4 gnolls (D:5)
  8 adders
  2 ribbon worms
  11 orcs
  5 bats
  6 endoplasms
  A giant cockroach (D:4)
  14 goblins
  6 hobgoblins
  3 jackals (D:2)
  2 kobolds (D:2)
  2 quokkas
  2 ball pythons
  3 frilled lizards
  5 rats
78 creatures vanquished.

Notes
Turn   | Place    | Note
-------+----------+-------------------------------------------
     0 | D:1      | protoss039 the Demonspawn Earth Elementalist began the
                  | quest for the Orb.
     0 | D:1      | Reached XP level 1. HP: 13/13 MP: 3/3
   371 | D:1      | Gained mutation: Spells you cast may paralyse adjacent
                  | enemies. [demonic ancestry]
   371 | D:1      | Reached XP level 2. HP: 20/20 MP: 1/5
  1027 | D:1      | Reached skill level 1 in Fighting
  1363 | D:2      | Noticed Robin
  1391 | D:2      | Gained mutation: You have a small tail. [demonic ancestry]
  1391 | D:2      | Reached XP level 3. HP: 26/26 MP: 1/6
  1473 | D:1      | Killed Robin
  1654 | D:2      | Reached XP level 4. HP: 30/33 MP: 3/8
  1798 | D:2      | Found a runed translucent door.
  1799 | D:2      | Noticed Crazy Yiuf
  1825 | D:2      | Found an ornate altar of the Wu Jian Council.
  2435 | D:2      | Learned a level 3 spell: Passwall
  2439 | D:2      | Learned a level 3 spell: Stone Arrow
  2936 | D:4      | Found a basalt altar of Yredelemnul.
  2945 | D:4      | Gained mutation: You have a tail ending in a sharp stinger.
                  | [demonic ancestry]
  2945 | D:4      | Reached XP level 5. HP: 39/39 MP: 6/9
  3108 | D:4      | Found a stormy altar of Qazlal.
  3513 | D:5      | Entered Level 5 of the Dungeon
  3634 | D:5      | Noticed Grinder
  3639 | D:5      | Killed Grinder
  3640 | D:5      | Reached skill level 1 in Armour
  3640 | D:5      | Gained mutation: You sometimes gain a little power by
                  | taking damage. [demonic ancestry]
  3640 | D:5      | Reached XP level 6. HP: 37/46 MP: 5/11
  3923 | D:$      | Got out of the dungeon alive.

Illustrated notes

Levels and vault maps discovered:
D:1:      dpeg_arrival_boxes_within_box, layout_basic,
          chequers_serial_rivers_micro_e
D:2:      layout_loops_ring, serial_forest, infiniplex_forest_straight_4,
          infiniplex_forest_end_1, infiniplex_forest_clump_medium,
          infiniplex_forest_clump_curved, infiniplex_forest_clump_long,
          infiniplex_forest_zigzag_1, basic_altar, uniq_crazy_yiuf_cottage,
          uniq_robin
D:3:      layout_rooms, kennysheep_crisscross
D:4:      layout_basic, mainiacjoe_overflow_catwalk,
          mainiacjoe_overflow_surrounded_room
D:5:      layout_rooms, overflow_temple_1_default, temple_hall, serial_shops,
          nicolae_shop_peninsula, uniq_grinder

Skill      XL: |  1  2  3  4  5  6 |
---------------+-------------------+-----
Fighting       | 1 2 3 |  3.1
Earth Magic    | 3 |  3.9
Spellcasting   | 3 |  3.5
Stealth        | 2 |  2.6
Dodging        | 2 |  2.5
Armour         | 1 |  1.4
Conjurations   | 2 |  2.1

Action                     |  1- 3 |  4- 6 || total
---------------------------+-------+-------++-------
  Melee: Unarmed           |     1 |       ||     1
         Staff             |     5 |     5 ||    10
         Dagger            |     5 |     4 ||     9
         Tailslap          |     1 |     1 ||     2
   Cast: Sandblast         |    49 |    54 ||   103
         Stone Arrow       |       |     1 ||     1
    Use: Potion            |     1 |       ||     1
   Stab: Paralysed         |     8 |     3 ||    11
 Armour: Robe              |    22 |     5 ||    27
  Dodge: Dodged            |    26 |    15 ||    41

Table legend: (Time is in decaauts)
 A = Elapsed time spent in this place.
 B = Non-inter-level travel time spent in this place.
 C = Inter-level travel time spent in this place.
 D = Time resting spent in this place.
 E = Time spent auto-exploring this place.
 F = Levels seen in this place.
 G = Mean time per level.
                   A        B        C        D        E       F      G
               +--------+--------+--------+--------+--------+-----+--------+
         Total |   3977 |   3656 |    321 |    317 |   2798 |   5 |  795.4 |
       Dungeon |   3977 |   3656 |    321 |    317 |   2798 |   5 |  795.4 |
               +--------+--------+--------+--------+--------+-----+--------+

Top non-repeatable levels by time:
     D:1: 1318 daAuts
     D:2: 1211 daAuts
     D:4: 626 daAuts
     D:3: 497 daAuts
     D:5: 322 daAuts
